Capitals vs Hurricanes

Created - Tuesday, January 12, 2016 at 02:29

Goals
1 2 3 T
Capitals 0 1 0 1
Hurricanes 1 2 0 3
Shots
1 2 3 T
Capitals 9 4 9 22
Hurricanes 14 12 18 44

1st period

1. Hurricanes , Josh Bailey 11 (Marian Gaborik, Adam Henrique) at 14:36 (PP)

Penalties :
Eric Neilson (Was) for Unsportsmanlike conduct (Minor) at 5:35, Eric Gelinas (Was) for Slashing (Double Minor) at 9:07, Eric Gelinas (Was) for Holding (Minor) at 14:17, Marco Scandella (Car) for Hooking (Minor) at 15:30

2nd period

2. Hurricanes , Josh Bailey 12 (Marian Gaborik, Adam Henrique) at 4:33
3. Capitals , Eric Gelinas 3 (Andy Greene) at 4:41
4. Hurricanes , Eric Staal 24 (Thomas Hickey, Jiri Hudler) at 6:56 (PP)

Penalties :
Mark Cundari (Was) for Tripping (Minor) at 6:28

3rd period

No Goal

Penalties :
Adam Henrique (Car) for Fighting (Major) at 1:04, Luke Adam (Was) for Fighting (Major) at 1:04, Marco Scandella (Car) for Hooking (Minor) at 17:21

Goalie Stats

Marc-Andre Fleury (Was), 41 saves from 44 shots - (0.932), L, 12-18-2, 60:00 minutes
Brian Elliott (Car), 21 saves from 22 shots - (0.955), W, 19-10-3, 60:00 minutes

Players Stats for Capitals

Player Name              G  A  P  +/- PIM S  H  SB GA TA FO     MP     PP MP  PK MP  
------------------------------------------------------------------------------------
Andy Greene              0  1  1   1  0   3  1  4  0  1  0/0    26:00   2:32   4:22 
Brad Mills               0  0  0   0  0   0  3  0  0  0  1/2     9:50   2:20   1:03 
Brett Sutter             0  0  0   0  0   2  3  0  0  0  1/2    21:16   1:38   2:13 
Chris Bruton             0  0  0   0  0   0  0  0  0  0  0/0     1:20   0:00   0:00 
Damon Severson           0  0  0  -1  0   4  1  4  3  2  0/0    20:33   1:26   2:23 
Eric Gelinas             1  0  1   1  6   5  4  2  3  0  0/0    23:10   2:32   1:22 
Eric Neilson             0  0  0   0  2   0  2  0  0  0  0/1    17:59   1:35   0:00 
Eric O'Dell              0  0  0   1  0   1  3  0  0  0  3/6    21:53   1:58   2:42 
Greg Miller              0  0  0   1  0   3  0  0  1  2  5/10   13:37   0:00   0:00 
Julian Melchiori         0  0  0   0  0   0  1  1  0  3  0/0    16:27   0:00   3:00 
Kevin Henderson          0  0  0  -1  0   0  0  1  0  1  1/1    14:39   0:00   2:06 
Kris Versteeg            0  0  0  -1  0   1  2  0  0  0  1/3    22:00   2:20   2:44 
Kyle Jean                0  0  0   1  0   0  0  1  0  0  1/2    13:37   0:00   0:00 
Luke Adam                0  0  0   0  5   2  1  2  1  2  3/14   18:06   1:38   2:06 
Mark Cundari             0  0  0  -1  2   1  1  0  1  1  0/0    20:32   1:26   2:23 
Maxime Macenauer         0  0  0  -1  0   0  0  0  0  0  0/7    12:18   0:00   0:00 
Shawn O'Donnell          0  0  0   0  0   0  0  0  1  0  1/1     6:26   0:25   0:36 
Steve Oleksy             0  0  0   0  0   0  2  1  1  2  0/0    13:27   0:00   0:00 

Players Stats for Hurricanes

Player Name              G  A  P  +/- PIM S  H  SB GA TA FO     MP     PP MP  PK MP  
------------------------------------------------------------------------------------
Adam Henrique            0  2  2   1  5   1  1  0  0  0  4/7    14:32   3:05   0:00 
Andrew Ebbett            0  0  0   0  0   2  0  0  3  0  2/2    11:34   0:01   0:00 
Brian Flynn              0  0  0   0  0   0  3  0  3  0  3/9    12:12   0:00   1:52 
Dennis Wideman           0  0  0   0  0   1  0  1  1  2  0/0    21:08   3:22   0:00 
Eric Staal               1  0  1   0  0   6  1  0  3  1  13/15  16:33   3:39   0:00 
Fedor Tyutin             0  0  0   0  0   3  3  0  0  1  0/0    16:26   0:00   1:32 
Jiri Hudler              0  1  1   0  0   1  0  0  2  0  1/1    17:11   3:39   0:00 
Josh Bailey              2  0  2   1  0   4  1  0  1  0  1/2    15:53   3:05   0:00 
Marco Scandella          0  0  0   0  4   5  1  1  0  1  0/0    20:03   3:23   0:00 
Marian Gaborik           0  2  2   1  0   4  1  0  4  0  0/1    15:53   3:05   0:00 
Mark Arcobello           0  0  0  -1  0   1  0  0  1  0  2/2    14:42   0:00   2:06 
Mike Weaver              0  0  0   0  0   1  3  1  0  0  0/0    16:26   0:00   1:32 
Mikhail Grabovski        0  0  0  -1  0   9  0  0  2  2  0/0    12:49   0:01   0:00 
Stephane Robidas         0  0  0   0  0   2  5  2  0  3  0/0    24:04   3:22   2:26 
Stephen Gionta           0  0  0   0  0   2  2  1  0  0  0/0    12:52   0:01   1:52 
Thomas Hickey            0  1  1   0  0   1  0  2  0  0  0/0    22:26   3:23   2:26 
Travis Zajac             0  0  0  -1  0   1  1  0  2  1  6/10   14:42   0:00   2:06 
Viktor Stalberg          0  0  0   0  0   0  2  0  0  0  0/0    16:33   3:39   0:00 

3 Stars

1 - Josh Bailey (Car)
2 - Brian Elliott (Car)
3 - Marian Gaborik (Car)

Power Play

Capitals - 0 on 2 Attempt(s) - 0.00%
Hurricanes - 2 on 5 Attempt(s) - 40.00%

Penalty Kill

Capitals - 3 on 5 Attempt(s) - 60.00% - Score 0 goal in Penalty Kill
Hurricanes - 2 on 2 Attempt(s) - 100.00% - Score 0 goal in Penalty Kill

Team Stat

Capitals - Hits : 24 - Faceoff Wins : 17 - Blocked Shots : 16 - Penalty Minutes : 15
Hurricanes - Hits : 24 - Faceoff Wins : 32 - Blocked Shots : 8 - Penalty Minutes : 9

Official

Referees : Unknown
Linesman : Unknown

Game Notes

16:07 of 1st period - Capitals goal is going for a video replay. After video review, No Goal. The puck has been directed, batted or thrown into the net by an attacking player other than with a stick.
Adam Henrique beats up Luke Adam at 1:04 of 3rd period

Finance

Level 1 -- Attendance: 6000 (100.00%) -- Ticket Income $498,000
Level 2 -- Attendance: 4720 (94.40%) -- Ticket Income $236,000
Level 3 -- Attendance: 1778 (88.90%) -- Ticket Income $53,340
Level 4 -- Attendance: 4000 (100.00%) -- Ticket Income $52,000
Luxury Box -- Attendance: 730 (73.00%) -- Ticket Income $131,400
Game was played at the RBC Arena.
Total Attendance: 17228 (95.71%)
Total Ticket Income: $970,740
Other Income: $475,663
Total Income: $1,446,403

Capitals

5 vs 5 Forward 
   Center                   Left Wing                Right Wing               Time % Phy DF OF 
 1 Eric O'Dell              Kris Versteeg            Brad Mills               35     1   2  2  
 2 Luke Adam                Brett Sutter             Eric Neilson             30     1   2  2  
 3 Maxime Macenauer         Kevin Henderson          Kris Versteeg            22     1   2  2  
 4 Greg Miller              Kyle Jean                Eric O'Dell              13     1   2  2  

5 vs 5 Defense 
   Defense                  Defense                                           Time % Phy DF OF 
 1 Andy Greene              Eric Gelinas                                      35     1   2  2  
 2 Damon Severson           Mark Cundari                                      30     1   2  2  
 3 Steve Oleksy             Julian Melchiori                                  22     1   2  2  
 4 Andy Greene              Eric Gelinas                                      13     1   2  2  

PowerPlay Forward 
   Center                   Left Wing                Right Wing               Time % Phy DF OF 
 1 Eric O'Dell              Kris Versteeg            Brad Mills               60     1   2  2  
 2 Luke Adam                Brett Sutter             Eric Neilson             40     1   2  2  

PowerPlay Defense
   Defense                  Defense                                           Time % Phy DF OF 
 1 Andy Greene              Eric Gelinas                                      60     1   2  2  
 2 Damon Severson           Mark Cundari                                      40     1   2  2  

Penalty Kill 4 Players Forward 
   Center                   Wing                     Time % Phy DF OF 
 1 Kris Versteeg            Eric O'Dell              60     1   2  2  
 2 Luke Adam                Brett Sutter             40     1   2  2  

Penalty Kill 4 Players Defense
   Defense                  Defense                  Time % Phy DF OF 
 1 Andy Greene              Eric Gelinas             60     1   2  2  
 2 Damon Severson           Mark Cundari             40     1   2  2  

Penalty Kill - 3 Players Forward 
   Forward                                           Time % Phy DF OF 
 1 Kris Versteeg                                     60     1   2  2  
 2 Eric O'Dell                                       40     1   2  2  

Penalty Kill - 3 Players Defense
   Defense                  Defense                  Time % Phy DF OF 
 1 Andy Greene              Eric Gelinas             60     1   2  2  
 2 Damon Severson           Mark Cundari             40     1   2  2  

4 vs 4 Forward 
   Center                   Wing                     Time % Phy DF OF 
 1 Kris Versteeg            Eric O'Dell              60     1   2  2  
 2 Luke Adam                Brett Sutter             40     1   2  2  

4 vs 4 Defense
   Defense                  Defense                  Time % Phy DF OF 
 1 Andy Greene              Eric Gelinas             60     1   2  2  
 2 Damon Severson           Mark Cundari             40     1   2  2  

Last Minutes Offensive
   Center                   Left Wing                Right Wing               Defense                  Defense                  
   Eric O'Dell              Kris Versteeg            Brad Mills               Andy Greene              Eric Gelinas             

Last Minutes Defensive
   Center                   Left Wing                Right Wing               Defense                  Defense                  
   Eric O'Dell              Kris Versteeg            Brad Mills               Andy Greene              Eric Gelinas             

Goaltenders
Starting : Marc-Andre Fleury        
Backup : Patrik Bartosak          

Extra Forwards
Normal : Shawn O'Donnell, Chris Bruton, Kevin Henderson - PP : Shawn O'Donnell, Chris Bruton - PK : Kevin Henderson
Extra Defensemen
Normal : Steve Oleksy, Julian Melchiori, Damon Severson - PP : Steve Oleksy - PK : Julian Melchiori, Damon Severson
Penalty Shots
Kris Versteeg, Eric O'Dell, Luke Adam, Brett Sutter, Kevin Henderson

Hurricanes

5 vs 5 Forward 
   Center                   Left Wing                Right Wing               Time % Phy DF OF 
 1 Adam Henrique            Josh Bailey              Marian Gaborik           28     0   3  2  
 2 Eric Staal               Viktor Stalberg          Jiri Hudler              27     0   3  2  
 3 Travis Zajac             Mikhail Grabovski        Mark Arcobello           25     0   2  3  
 4 Brian Flynn              Andrew Ebbett            Stephen Gionta           20     0   2  3  

5 vs 5 Defense 
   Defense                  Defense                                           Time % Phy DF OF 
 1 Dennis Wideman           Stephane Robidas                                  35     0   2  3  
 2 Marco Scandella          Thomas Hickey                                     35     0   2  3  
 3 Fedor Tyutin             Mike Weaver                                       30     1   2  2  
 4 Dennis Wideman           Stephane Robidas                                  0      0   2  3  

PowerPlay Forward 
   Center                   Left Wing                Right Wing               Time % Phy DF OF 
 1 Adam Henrique            Josh Bailey              Marian Gaborik           50     0   1  4  
 2 Eric Staal               Viktor Stalberg          Jiri Hudler              50     0   1  4  

PowerPlay Defense
   Defense                  Defense                                           Time % Phy DF OF 
 1 Dennis Wideman           Stephane Robidas                                  50     0   1  4  
 2 Marco Scandella          Thomas Hickey                                     50     0   1  4  

Penalty Kill 4 Players Forward 
   Center                   Wing                     Time % Phy DF OF 
 1 Brian Flynn              Stephen Gionta           50     0   4  1  
 2 Travis Zajac             Mark Arcobello           50     0   4  1  

Penalty Kill 4 Players Defense
   Defense                  Defense                  Time % Phy DF OF 
 1 Fedor Tyutin             Mike Weaver              50     1   4  0  
 2 Marco Scandella          Thomas Hickey            50     1   4  0  

Penalty Kill - 3 Players Forward 
   Forward                                           Time % Phy DF OF 
 1 Brian Flynn                                       50     0   5  0  
 2 Travis Zajac                                      50     0   5  0  

Penalty Kill - 3 Players Defense
   Defense                  Defense                  Time % Phy DF OF 
 1 Fedor Tyutin             Mike Weaver              50     1   4  0  
 2 Marco Scandella          Thomas Hickey            50     1   4  0  

4 vs 4 Forward 
   Center                   Wing                     Time % Phy DF OF 
 1 Adam Henrique            Marian Gaborik           50     0   3  2  
 2 Eric Staal               Jiri Hudler              50     0   3  2  

4 vs 4 Defense
   Defense                  Defense                  Time % Phy DF OF 
 1 Dennis Wideman           Stephane Robidas         50     0   2  3  
 2 Marco Scandella          Thomas Hickey            50     0   2  3  

Last Minutes Offensive
   Center                   Left Wing                Right Wing               Defense                  Defense                  
   Adam Henrique            Jiri Hudler              Marian Gaborik           Dennis Wideman           Marco Scandella          

Last Minutes Defensive
   Center                   Left Wing                Right Wing               Defense                  Defense                  
   Travis Zajac             Brian Flynn              Stephen Gionta           Fedor Tyutin             Mike Weaver              

Goaltenders
Starting : Brian Elliott            
Backup : John Muse                

Extra Forwards
Normal : Adam Henrique, Jiri Hudler, Marian Gaborik - PP : Marian Gaborik, Adam Henrique - PK : Adam Henrique
Extra Defensemen
Normal : Dennis Wideman, Fedor Tyutin, Stephane Robidas - PP : Fedor Tyutin - PK : Stephane Robidas, Fedor Tyutin
Penalty Shots
Brian Flynn, Adam Henrique, Marian Gaborik, Jiri Hudler, Josh Bailey

% Time on Ice - Capitals

Lines # - Real PCT - Wanted PCT - Time Play
Normal Forward
1 - 14% - 35% - 6:42
2 - 34% - 30% - 16:40
3 - 25% - 22% - 12:18
4 - 28% - 13% - 13:37
Normal Defense
1 - 31% - 35% - 15:18
2 - 34% - 30% - 16:44
3 - 27% - 22% - 13:27
4 - 8% - 13% - 3:48
PP Forward
1 - 59% - 60% - 2:20
2 - 41% - 40% - 1:38
PP Defense
1 - 64% - 60% - 2:32
2 - 36% - 40% - 1:26
PK Forward
1 - 72% - 60% - 4:50
2 - 28% - 40% - 1:55
PK Defense
1 - 65% - 60% - 4:22
2 - 35% - 40% - 2:23
PK3 Forward
1 - 0% - 60%
2 - 0% - 40%
PK3 Defense
1 - 0% - 60%
2 - 0% - 40%
44 Forward
1 - 0% - 60%
2 - 0% - 40%
44 Defense
1 - 0% - 60%
2 - 0% - 40%
Last Minute Offensive  - 0:00
Last Minute Defensive  - 0:00
Total
Forward - 60:00
Defense - 60:00

% Time on Ice - Hurricanes

Lines # - Real PCT - Wanted PCT - Time Play
Normal Forward
1 - 28% - 28% - 13:35
2 - 27% - 27% - 13:21
3 - 25% - 25% - 12:09
4 - 21% - 20% - 10:12
Normal Defense
1 - 35% - 35% - 17:11
2 - 34% - 35% - 16:37
3 - 30% - 30% - 14:54
4 - 1% - 0% - 0:35
PP Forward
1 - 46% - 50% - 3:06
2 - 54% - 50% - 3:39
PP Defense
1 - 50% - 50% - 3:22
2 - 50% - 50% - 3:23
PK Forward
1 - 47% - 50% - 1:52
2 - 53% - 50% - 2:06
PK Defense
1 - 39% - 50% - 1:32
2 - 61% - 50% - 2:26
PK3 Forward
1 - 0% - 50%
2 - 0% - 50%
PK3 Defense
1 - 0% - 50%
2 - 0% - 50%
44 Forward
1 - 0% - 50%
2 - 0% - 50%
44 Defense
1 - 0% - 50%
2 - 0% - 50%
Last Minute Offensive  - 0:00
Last Minute Defensive  - 0:00
Total
Forward - 60:00
Defense - 60:00

Play by Play

1st period


0:01 of 1st period - Eric O'Dell wins face-off versus Adam Henrique in neutral zone.
0:38 of 1st period - Josh Bailey is hit by Brad Mills and loses puck.
0:51 of 1st period - Slapshot by Damon Severson.
0:51 of 1st period - Deflect By Luke Adam.
0:51 of 1st period - Stopped by Brian Elliott with a rebound.
1:05 of 1st period - Slapshot by Mark Cundari.
1:05 of 1st period - Stopped by Brian Elliott with a rebound.
1:07 of 1st period - Snap shot by Brett Sutter.
1:07 of 1st period - Shot Blocked by Dennis Wideman.
1:40 of 1st period - Jiri Hudler is hit by Mark Cundari and loses puck.
1:51 of 1st period - Jiri Hudler is hit by Kris Versteeg and loses puck.
2:36 of 1st period - Mikhail Grabovski is hit by Brett Sutter and loses puck.
2:51 of 1st period - Fedor Tyutin is hit by Steve Oleksy.
3:01 of 1st period - Brian Flynn is hit by Kris Versteeg and loses puck.
3:36 of 1st period - Icing by Stephen Gionta.
3:37 of 1st period - Greg Miller wins face-off versus Eric Staal in Hurricanes zone.
3:44 of 1st period - Slapshot by Eric O'Dell.
3:44 of 1st period - Stopped by Brian Elliott with a rebound.
5:03 of 1st period - Slapshot by Andy Greene.
5:03 of 1st period - Shot Misses the Net.
5:05 of 1st period - Slapshot by Andy Greene.
5:05 of 1st period - Shot Blocked by Stephen Gionta.
5:07 of 1st period - Snap shot by Brett Sutter.
5:07 of 1st period - Shot Misses the Net.
5:09 of 1st period - Backhand shot by Andy Greene.
5:09 of 1st period - Shot Misses the Net.
5:11 of 1st period - Slapshot by Andy Greene.
5:11 of 1st period - Shot Misses the Net.
5:13 of 1st period - Snap shot by Luke Adam.
5:13 of 1st period - Deflect By Brett Sutter.
5:13 of 1st period - Stopped by Brian Elliott without a rebound.
5:14 of 1st period - Adam Henrique wins face-off versus Luke Adam in Hurricanes zone.
5:14 of 1st period - Adam Henrique is hit by Steve Oleksy.
5:35 of 1st period - Minor Penalty to Eric Neilson for Unsportsmanlike conduct.
5:36 of 1st period - Kris Versteeg wins face-off versus Eric Staal in Capitals zone.
6:06 of 1st period - Eric O'Dell is hit by Stephane Robidas and loses puck.
6:11 of 1st period - Snap shot by Jiri Hudler.
6:11 of 1st period - Shot Misses the Net.
6:13 of 1st period - Slapshot by Stephane Robidas.
6:13 of 1st period - Deflect By Eric Staal.
6:13 of 1st period - Stopped by Marc-Andre Fleury with a rebound.
7:27 of 1st period - Damon Severson is hit by Marian Gaborik and loses puck.
7:35 of 1st period - Penalty to Eric Neilson is over, Eric Neilson is back on ice.
8:30 of 1st period - Julian Melchiori is hit by Fedor Tyutin and loses puck.
8:45 of 1st period - Slapshot by Eric Gelinas.
8:45 of 1st period - Deflect By Greg Miller.
8:45 of 1st period - Stopped by Brian Elliott without a rebound.
8:46 of 1st period - Greg Miller wins face-off versus Brian Flynn in Hurricanes zone.
8:47 of 1st period - Slapshot by Eric Gelinas.
8:47 of 1st period - Shot Blocked by Thomas Hickey.
9:07 of 1st period - Double Minor Penalty to Eric Gelinas for Slashing.
9:08 of 1st period - Eric Staal wins face-off versus Luke Adam in Capitals zone.
9:28 of 1st period - Andy Greene is hit by Stephane Robidas and loses puck.
10:03 of 1st period - Mark Cundari is hit by Josh Bailey.
10:25 of 1st period - Snap shot by Marco Scandella.
10:25 of 1st period - Stopped by Marc-Andre Fleury with a rebound.
10:27 of 1st period - Backhand shot by Marco Scandella.
10:27 of 1st period - Stopped by Marc-Andre Fleury with a rebound.
13:07 of 1st period - Penalty to Eric Gelinas is over, Eric Gelinas is back on ice.
13:12 of 1st period - Damon Severson is hit by Marco Scandella and loses puck.
13:25 of 1st period - Snap shot by Greg Miller.
13:25 of 1st period - Stopped by Brian Elliott without a rebound.
13:26 of 1st period - Andrew Ebbett wins face-off versus Greg Miller in Hurricanes zone.
13:34 of 1st period - Damon Severson is hit by Mike Weaver and loses puck.
13:43 of 1st period - Snap shot by Mikhail Grabovski.
13:43 of 1st period - Stopped by Marc-Andre Fleury with a rebound.
13:45 of 1st period - Slapshot by Fedor Tyutin.
13:45 of 1st period - Stopped by Marc-Andre Fleury without a rebound.
13:46 of 1st period - Travis Zajac wins face-off versus Greg Miller in Capitals zone.
13:53 of 1st period - Slapshot by Mikhail Grabovski.
13:53 of 1st period - Stopped by Marc-Andre Fleury with a rebound.
14:03 of 1st period - Slapshot by Travis Zajac.
14:03 of 1st period - Shot Misses the Net.
14:05 of 1st period - Slapshot by Fedor Tyutin.
14:05 of 1st period - Stopped by Marc-Andre Fleury with a rebound.
14:07 of 1st period - Backhand shot by Fedor Tyutin.
14:07 of 1st period - Shot Misses the Net.
14:09 of 1st period - Wrist shot by Mikhail Grabovski.
14:09 of 1st period - Stopped by Marc-Andre Fleury with a rebound.
14:11 of 1st period - Slapshot by Mike Weaver.
14:11 of 1st period - Deflect By Mikhail Grabovski.
14:11 of 1st period - Stopped by Marc-Andre Fleury with a rebound.
14:13 of 1st period - Snap shot by Fedor Tyutin.
14:13 of 1st period - Stopped by Marc-Andre Fleury without a rebound.
14:14 of 1st period - Kevin Henderson wins face-off versus Brian Flynn in Capitals zone.
14:14 of 1st period - Kevin Henderson is hit by Brian Flynn.
14:17 of 1st period - Minor Penalty to Eric Gelinas for Holding.
14:18 of 1st period - Adam Henrique wins face-off versus Kris Versteeg in Capitals zone.
14:36 of 1st period - Snap shot by Josh Bailey.
14:36 of 1st period - Goal by Josh Bailey - Capitals : 0 - Hurricanes : 1.
14:37 of 1st period - Eric Staal wins face-off versus Luke Adam in neutral zone.
14:57 of 1st period - Wrist shot by Luke Adam.
14:57 of 1st period - Stopped by Brian Elliott without a rebound.
14:58 of 1st period - Mark Arcobello wins face-off versus Maxime Macenauer in Hurricanes zone.
15:17 of 1st period - Icing by Damon Severson.
15:18 of 1st period - Mark Arcobello wins face-off versus Maxime Macenauer in Capitals zone.
15:30 of 1st period - Minor Penalty to Marco Scandella for Hooking.
15:31 of 1st period - Brad Mills wins face-off versus Brian Flynn in Hurricanes zone.
15:47 of 1st period - Slapshot by Andy Greene.
15:47 of 1st period - Deflect By Brian Flynn.
15:47 of 1st period - Stopped by Brian Elliott without a rebound.
15:48 of 1st period - Eric O'Dell wins face-off versus Brian Flynn in Hurricanes zone.
15:49 of 1st period - Slapshot by Eric Gelinas.
15:49 of 1st period - Shot Misses the Net.
15:51 of 1st period - Slapshot by Andy Greene.
15:51 of 1st period - Shot Misses the Net.
15:53 of 1st period - Snap shot by Eric O'Dell.
15:53 of 1st period - Shot Misses the Net.
15:55 of 1st period - Slapshot by Andy Greene.
15:55 of 1st period - Shot Blocked by Mike Weaver.
16:05 of 1st period - Snap shot by Kris Versteeg.
16:05 of 1st period - Shot Misses the Net.
16:07 of 1st period - Slapshot by Andy Greene.
16:07 of 1st period - Capitals goal is going for a video replay.
16:07 of 1st period - The goal is refused. The puck has been directed, batted or thrown into the net by an attacking player other than with a stick..
16:08 of 1st period - Luke Adam wins face-off versus Travis Zajac in Hurricanes zone.
16:21 of 1st period - Snap shot by Mark Arcobello.
16:21 of 1st period - Shot Misses the Net.
16:23 of 1st period - Slapshot by Stephane Robidas.
16:23 of 1st period - Stopped by Marc-Andre Fleury with a rebound.
16:25 of 1st period - Slapshot by Thomas Hickey.
16:25 of 1st period - Shot Blocked by Luke Adam.
16:27 of 1st period - Wrist shot by Travis Zajac.
16:27 of 1st period - Shot Blocked by Andy Greene.
16:29 of 1st period - Snap shot by Stephane Robidas.
16:29 of 1st period - Shot Misses the Net.
17:23 of 1st period - Travis Zajac is hit by Brad Mills and loses puck.
17:30 of 1st period - Penalty to Marco Scandella is over, Marco Scandella is back on ice.
17:36 of 1st period - Damon Severson is hit by Stephane Robidas and loses puck.
18:17 of 1st period - Wrist shot by Eric Staal.
18:17 of 1st period - Shot Blocked by Julian Melchiori.
18:19 of 1st period - Slapshot by Fedor Tyutin.
18:19 of 1st period - Shot Blocked by Steve Oleksy.
18:23 of 1st period - Snap shot by Eric Staal.
18:23 of 1st period - Deflect By Jiri Hudler.
18:23 of 1st period - Stopped by Marc-Andre Fleury without a rebound.
18:24 of 1st period - Kyle Jean wins face-off versus Adam Henrique in Capitals zone.
18:24 of 1st period - Kyle Jean is hit by Fedor Tyutin.
18:52 of 1st period - Snap shot by Josh Bailey.
18:52 of 1st period - Shot Blocked by Andy Greene.
18:54 of 1st period - Backhand shot by Josh Bailey.
18:54 of 1st period - Stopped by Marc-Andre Fleury with a rebound.
19:02 of 1st period - Andy Greene is hit by Mike Weaver and loses puck.
19:15 of 1st period - Andy Greene is hit by Stephane Robidas and loses puck.
19:38 of 1st period - Wrist shot by Andrew Ebbett.
19:38 of 1st period - Deflect By Brian Flynn.
19:38 of 1st period - Shot Misses the Net.
19:38 of 1st period - Puck is out of play.
19:39 of 1st period - Eric Staal wins face-off versus Luke Adam in Capitals zone.
19:44 of 1st period - Wrist shot by Jiri Hudler.
19:44 of 1st period - Shot Misses the Net.
Goals for this period are 0 for Capitals vs 1 for Hurricanes.
Shots for this period are 9 for Capitals vs 14 for Hurricanes.

2nd period


0:01 of 2nd period - Eric Staal wins face-off versus Eric O'Dell in neutral zone.
0:06 of 2nd period - Snap shot by Jiri Hudler.
0:06 of 2nd period - Shot Misses the Net.
1:05 of 2nd period - Wrist shot by Adam Henrique.
1:05 of 2nd period - Shot Blocked by Andy Greene.
1:13 of 2nd period - Fedor Tyutin is hit by Eric Neilson and loses puck.
2:28 of 2nd period - Snap shot by Andrew Ebbett.
2:28 of 2nd period - Shot Blocked by Kyle Jean.
2:30 of 2nd period - Wrist shot by Andrew Ebbett.
2:30 of 2nd period - Stopped by Marc-Andre Fleury with a rebound.
2:32 of 2nd period - Slapshot by Marco Scandella.
2:32 of 2nd period - Stopped by Marc-Andre Fleury with a rebound.
2:34 of 2nd period - Snap shot by Thomas Hickey.
2:34 of 2nd period - Shot Misses the Net.
2:36 of 2nd period - Wrist shot by Marco Scandella.
2:36 of 2nd period - Stopped by Marc-Andre Fleury with a rebound.
2:38 of 2nd period - Backhand shot by Stephane Robidas.
2:38 of 2nd period - Shot Misses the Net.
3:06 of 2nd period - Jiri Hudler is hit by Julian Melchiori and loses puck.
3:21 of 2nd period - Andy Greene is hit by Eric Staal and loses puck.
3:32 of 2nd period - Jiri Hudler is hit by Eric O'Dell and loses puck.
4:13 of 2nd period - Adam Henrique is hit by Damon Severson.
4:33 of 2nd period - Wrist shot by Josh Bailey.
4:33 of 2nd period - Goal by Josh Bailey - Capitals : 0 - Hurricanes : 2.
4:34 of 2nd period - Travis Zajac wins face-off versus Greg Miller in neutral zone.
4:41 of 2nd period - Slapshot by Eric Gelinas.
4:41 of 2nd period - Goal by Eric Gelinas - Capitals : 1 - Hurricanes : 2.
4:42 of 2nd period - Luke Adam wins face-off versus Travis Zajac in neutral zone.
4:45 of 2nd period - Slapshot by Eric Gelinas.
4:45 of 2nd period - Shot Blocked by Thomas Hickey.
5:02 of 2nd period - Icing by Eric Gelinas.
5:03 of 2nd period - Adam Henrique wins face-off versus Luke Adam in Capitals zone.
5:24 of 2nd period - Wrist shot by Marian Gaborik.
5:24 of 2nd period - Shot Misses the Net.
5:26 of 2nd period - Snap shot by Dennis Wideman.
5:26 of 2nd period - Deflect By Marian Gaborik.
5:26 of 2nd period - Stopped by Marc-Andre Fleury with a rebound.
6:03 of 2nd period - Greg Miller is hit by Travis Zajac and loses puck.
6:10 of 2nd period - Snap shot by Travis Zajac.
6:10 of 2nd period - Deflect By Mikhail Grabovski.
6:10 of 2nd period - Stopped by Marc-Andre Fleury with a rebound.
6:12 of 2nd period - Slapshot by Mikhail Grabovski.
6:12 of 2nd period - Shot Misses the Net.
6:14 of 2nd period - Slapshot by Thomas Hickey.
6:14 of 2nd period - Shot Misses the Net.
6:16 of 2nd period - Snap shot by Marco Scandella.
6:16 of 2nd period - Shot Misses the Net.
6:18 of 2nd period - Snap shot by Marco Scandella.
6:18 of 2nd period - Stopped by Marc-Andre Fleury with a rebound.
6:20 of 2nd period - Snap shot by Travis Zajac.
6:20 of 2nd period - Shot Blocked by Damon Severson.
6:28 of 2nd period - Minor Penalty to Mark Cundari for Tripping.
6:29 of 2nd period - Eric Staal wins face-off versus Kris Versteeg in Capitals zone.
6:52 of 2nd period - Snap shot by Eric Staal.
6:52 of 2nd period - Shot Misses the Net.
6:54 of 2nd period - Slapshot by Thomas Hickey.
6:54 of 2nd period - Shot Blocked by Eric Gelinas.
6:56 of 2nd period - Wrist shot by Eric Staal.
6:56 of 2nd period - Goal by Eric Staal - Capitals : 1 - Hurricanes : 3.
6:57 of 2nd period - Josh Bailey wins face-off versus Luke Adam in neutral zone.
7:39 of 2nd period - Luke Adam is hit by Adam Henrique.
7:49 of 2nd period - Brett Sutter is hit by Viktor Stalberg and loses puck.
8:52 of 2nd period - Brian Flynn is hit by Eric Gelinas and loses puck.
9:39 of 2nd period - Snap shot by Kris Versteeg.
9:39 of 2nd period - Shot Misses the Net.
10:12 of 2nd period - Slapshot by Eric Gelinas.
10:12 of 2nd period - Shot Misses the Net.
10:14 of 2nd period - Slapshot by Andy Greene.
10:14 of 2nd period - Stopped by Brian Elliott without a rebound.
10:15 of 2nd period - Adam Henrique wins face-off versus Luke Adam in Hurricanes zone.
11:31 of 2nd period - Icing by Eric O'Dell.
11:32 of 2nd period - Eric Staal wins face-off versus Kyle Jean in Capitals zone.
12:24 of 2nd period - Snap shot by Mikhail Grabovski.
12:24 of 2nd period - Stopped by Marc-Andre Fleury with a rebound.
12:26 of 2nd period - Slapshot by Fedor Tyutin.
12:26 of 2nd period - Shot Misses the Net.
12:28 of 2nd period - Slapshot by Fedor Tyutin.
12:28 of 2nd period - Deflect By Mikhail Grabovski.
12:28 of 2nd period - Stopped by Marc-Andre Fleury with a rebound.
13:11 of 2nd period - Mike Weaver is hit by Eric Gelinas and loses puck.
13:37 of 2nd period - Wrist shot by Kris Versteeg.
13:37 of 2nd period - Deflect By Adam Henrique.
13:37 of 2nd period - Stopped by Brian Elliott with a rebound.
13:53 of 2nd period - Slapshot by Eric Gelinas.
13:53 of 2nd period - Shot Misses the Net.
13:55 of 2nd period - Slapshot by Andy Greene.
13:55 of 2nd period - Shot Blocked by Stephane Robidas.
14:23 of 2nd period - Shawn O'Donnell is hit by Brian Flynn and loses puck.
14:47 of 2nd period - Maxime Macenauer is hit by Viktor Stalberg and loses puck.
15:17 of 2nd period - Marco Scandella is hit by Luke Adam and loses puck.
15:28 of 2nd period - Snap shot by Eric Gelinas.
15:28 of 2nd period - Stopped by Brian Elliott with a rebound.
15:36 of 2nd period - Slapshot by Andy Greene.
15:36 of 2nd period - Shot Hit the Post.
15:40 of 2nd period - Slapshot by Eric Gelinas.
15:40 of 2nd period - Shot Misses the Net.
15:42 of 2nd period - Backhand shot by Damon Severson.
15:42 of 2nd period - Shot Misses the Net.
16:51 of 2nd period - Marian Gaborik is hit by Eric Neilson and loses puck.
18:38 of 2nd period - Snap shot by Andrew Ebbett.
18:38 of 2nd period - Stopped by Marc-Andre Fleury without a rebound.
18:39 of 2nd period - Brian Flynn wins face-off versus Eric Neilson in Capitals zone.
18:45 of 2nd period - Off-side.
18:46 of 2nd period - Eric Staal wins face-off versus Luke Adam in neutral zone.
19:09 of 2nd period - Wrist shot by Eric Staal.
19:09 of 2nd period - Deflect By Jiri Hudler.
19:09 of 2nd period - Shot Misses the Net.
19:09 of 2nd period - Puck is out of play.
19:10 of 2nd period - Greg Miller wins face-off versus Marian Gaborik in Capitals zone.
19:21 of 2nd period - Wrist shot by Josh Bailey.
19:21 of 2nd period - Shot Blocked by Damon Severson.
19:23 of 2nd period - Slapshot by Stephane Robidas.
19:23 of 2nd period - Stopped by Marc-Andre Fleury with a rebound.
19:40 of 2nd period - Off-side.
19:41 of 2nd period - Travis Zajac wins face-off versus Maxime Macenauer in neutral zone.
Goals for this period are 1 for Capitals vs 2 for Hurricanes.
Shots for this period are 4 for Capitals vs 12 for Hurricanes.

3rd period


0:01 of 3rd period - Eric Staal wins face-off versus Eric O'Dell in neutral zone.
0:48 of 3rd period - Slapshot by Josh Bailey.
0:48 of 3rd period - Shot Blocked by Luke Adam.
1:02 of 3rd period - Dennis Wideman is hit by Eric Gelinas and loses puck.
1:04 of 3rd period - Adam Henrique beats up Luke Adam.
1:04 of 3rd period - Penalty to Adam Henrique for Fighting.
1:04 of 3rd period - Penalty to Luke Adam for Fighting.
1:05 of 3rd period - Shawn O'Donnell wins face-off versus Travis Zajac in Hurricanes zone.
1:10 of 3rd period - Snap shot by Brett Sutter.
1:10 of 3rd period - Shot Blocked by Stephane Robidas.
1:40 of 3rd period - Wrist shot by Mark Arcobello.
1:40 of 3rd period - Stopped by Marc-Andre Fleury with a rebound.
1:42 of 3rd period - Slapshot by Stephane Robidas.
1:42 of 3rd period - Shot Misses the Net.
1:57 of 3rd period - Icing by Stephane Robidas.
1:58 of 3rd period - Eric O'Dell wins face-off versus Josh Bailey in Hurricanes zone.
2:23 of 3rd period - Wrist shot by Marian Gaborik.
2:23 of 3rd period - Stopped by Marc-Andre Fleury without a rebound.
2:24 of 3rd period - Brian Flynn wins face-off versus Maxime Macenauer in Capitals zone.
3:32 of 3rd period - Travis Zajac is hit by Eric O'Dell and loses puck.
3:47 of 3rd period - Slapshot by Eric Gelinas.
3:47 of 3rd period - Stopped by Brian Elliott with a rebound.
3:57 of 3rd period - Slapshot by Eric Gelinas.
3:57 of 3rd period - Shot Misses the Net.
4:07 of 3rd period - Fedor Tyutin is hit by Brett Sutter and loses puck.
4:26 of 3rd period - Stephane Robidas is hit by Eric Gelinas.
4:44 of 3rd period - Slapshot by Damon Severson.
4:44 of 3rd period - Stopped by Brian Elliott with a rebound.
4:54 of 3rd period - Slapshot by Damon Severson.
4:54 of 3rd period - Shot Misses the Net.
5:12 of 3rd period - Slapshot by Damon Severson.
5:12 of 3rd period - Stopped by Brian Elliott with a rebound.
5:14 of 3rd period - Snap shot by Damon Severson.
5:14 of 3rd period - Deflect By Kris Versteeg.
5:14 of 3rd period - Shot Misses the Net.
5:14 of 3rd period - Puck is out of play.
5:15 of 3rd period - Andrew Ebbett wins face-off versus Maxime Macenauer in Hurricanes zone.
6:50 of 3rd period - Wrist shot by Travis Zajac.
6:50 of 3rd period - Stopped by Marc-Andre Fleury with a rebound.
6:52 of 3rd period - Slapshot by Dennis Wideman.
6:52 of 3rd period - Stopped by Marc-Andre Fleury with a rebound.
6:54 of 3rd period - Slapshot by Dennis Wideman.
6:54 of 3rd period - Shot Misses the Net.
6:56 of 3rd period - Slapshot by Dennis Wideman.
6:56 of 3rd period - Shot Misses the Net.
6:58 of 3rd period - Slapshot by Mikhail Grabovski.
6:58 of 3rd period - Stopped by Marc-Andre Fleury without a rebound.
6:59 of 3rd period - Travis Zajac wins face-off versus Greg Miller in Capitals zone.
7:22 of 3rd period - Snap shot by Eric Staal.
7:22 of 3rd period - Shot Blocked by Andy Greene.
7:40 of 3rd period - Wrist shot by Eric Staal.
7:40 of 3rd period - Shot Blocked by Eric Gelinas.
7:42 of 3rd period - Slapshot by Thomas Hickey.
7:42 of 3rd period - Stopped by Marc-Andre Fleury with a rebound.
8:06 of 3rd period - Kevin Henderson is hit by Mike Weaver and loses puck.
8:11 of 3rd period - Snap shot by Stephen Gionta.
8:11 of 3rd period - Stopped by Marc-Andre Fleury with a rebound.
8:13 of 3rd period - Slapshot by Fedor Tyutin.
8:13 of 3rd period - Shot Blocked by Kevin Henderson.
8:15 of 3rd period - Slapshot by Mike Weaver.
8:15 of 3rd period - Stopped by Marc-Andre Fleury with a rebound.
8:17 of 3rd period - Wrist shot by Stephen Gionta.
8:17 of 3rd period - Stopped by Marc-Andre Fleury without a rebound.
8:18 of 3rd period - Greg Miller wins face-off versus Adam Henrique in Capitals zone.
8:31 of 3rd period - Wrist shot by Eric O'Dell.
8:31 of 3rd period - Deflect By Greg Miller.
8:31 of 3rd period - Stopped by Brian Elliott with a rebound.
9:12 of 3rd period - Mark Cundari is hit by Stephane Robidas and loses puck.
9:28 of 3rd period - Off-side.
9:29 of 3rd period - Eric Staal wins face-off versus Maxime Macenauer in neutral zone.
9:44 of 3rd period - Snap shot by Eric Staal.
9:44 of 3rd period - Stopped by Marc-Andre Fleury without a rebound.
9:45 of 3rd period - Eric Staal wins face-off versus Maxime Macenauer in Capitals zone.
10:42 of 3rd period - Eric Gelinas is hit by Brian Flynn and loses puck.
11:57 of 3rd period - Off-side.
11:58 of 3rd period - Travis Zajac wins face-off versus Greg Miller in neutral zone.
12:28 of 3rd period - Wrist shot by Mikhail Grabovski.
12:28 of 3rd period - Stopped by Marc-Andre Fleury without a rebound.
12:29 of 3rd period - Jiri Hudler wins face-off versus Brett Sutter in Capitals zone.
12:30 of 3rd period - Slapshot by Eric Staal.
12:30 of 3rd period - Stopped by Marc-Andre Fleury without a rebound.
12:31 of 3rd period - Eric Staal wins face-off versus Luke Adam in Capitals zone.
12:42 of 3rd period - Mike Weaver is hit by Brett Sutter and loses puck.
12:47 of 3rd period - Slapshot by Eric Gelinas.
12:47 of 3rd period - Deflect By Luke Adam.
12:47 of 3rd period - Shot Misses the Net.
12:47 of 3rd period - Puck is out of play.
12:48 of 3rd period - Eric Staal wins face-off versus Luke Adam in Hurricanes zone.
13:33 of 3rd period - Adam Henrique is hit by Andy Greene and loses puck.
13:40 of 3rd period - Kris Versteeg is hit by Fedor Tyutin and loses puck.
13:55 of 3rd period - Wrist shot by Adam Henrique.
13:55 of 3rd period - Stopped by Marc-Andre Fleury without a rebound.
13:56 of 3rd period - Brett Sutter wins face-off versus Brian Flynn in Capitals zone.
13:56 of 3rd period - Brett Sutter is hit by Stephen Gionta.
14:02 of 3rd period - Wrist shot by Damon Severson.
14:02 of 3rd period - Stopped by Brian Elliott with a rebound.
14:04 of 3rd period - Slapshot by Damon Severson.
14:04 of 3rd period - Stopped by Brian Elliott without a rebound.
14:05 of 3rd period - Brian Flynn wins face-off versus Luke Adam in Hurricanes zone.
14:10 of 3rd period - Eric Neilson is hit by Stephen Gionta and loses puck.
14:15 of 3rd period - Snap shot by Andrew Ebbett.
14:15 of 3rd period - Deflect By Stephen Gionta.
14:15 of 3rd period - Shot Misses the Net.
14:15 of 3rd period - Puck is out of play.
14:16 of 3rd period - Luke Adam wins face-off versus Brian Flynn in Capitals zone.
14:28 of 3rd period - Slapshot by Damon Severson.
14:28 of 3rd period - Shot Blocked by Marco Scandella.
15:04 of 3rd period - Wrist shot by Marian Gaborik.
15:04 of 3rd period - Shot Blocked by Damon Severson.
15:06 of 3rd period - Wrist shot by Josh Bailey.
15:06 of 3rd period - Stopped by Marc-Andre Fleury with a rebound.
15:08 of 3rd period - Slapshot by Stephane Robidas.
15:08 of 3rd period - Shot Blocked by Damon Severson.
15:14 of 3rd period - Snap shot by Marian Gaborik.
15:14 of 3rd period - Shot Misses the Net.
15:16 of 3rd period - Slapshot by Dennis Wideman.
15:16 of 3rd period - Deflect By Marian Gaborik.
15:16 of 3rd period - Stopped by Marc-Andre Fleury with a rebound.
15:32 of 3rd period - Snap shot by Marian Gaborik.
15:32 of 3rd period - Stopped by Marc-Andre Fleury without a rebound.
15:33 of 3rd period - Eric Staal wins face-off versus Eric O'Dell in Capitals zone.
15:56 of 3rd period - Wrist shot by Eric Staal.
15:56 of 3rd period - Stopped by Marc-Andre Fleury without a rebound.
15:57 of 3rd period - Greg Miller wins face-off versus Travis Zajac in Capitals zone.
17:21 of 3rd period - Minor Penalty to Marco Scandella for Hooking.
17:22 of 3rd period - Travis Zajac wins face-off versus Brad Mills in Hurricanes zone.
17:22 of 3rd period - Travis Zajac is hit by Brad Mills.
17:55 of 3rd period - Slapshot by Eric Gelinas.
17:55 of 3rd period - Stopped by Brian Elliott with a rebound.
17:57 of 3rd period - Slapshot by Andy Greene.
17:57 of 3rd period - Shot Misses the Net.
17:59 of 3rd period - Wrist shot by Andy Greene.
17:59 of 3rd period - Shot Misses the Net.
18:01 of 3rd period - Slapshot by Brett Sutter.
18:01 of 3rd period - Stopped by Brian Elliott with a rebound.
18:03 of 3rd period - Slapshot by Eric Gelinas.
18:03 of 3rd period - Deflect By Travis Zajac.
18:03 of 3rd period - Stopped by Brian Elliott with a rebound.
18:27 of 3rd period - Stephen Gionta is hit by Eric O'Dell and loses puck.
19:21 of 3rd period - Penalty to Marco Scandella is over, Marco Scandella is back on ice.
19:45 of 3rd period - Snap shot by Eric Staal.
19:45 of 3rd period - Stopped by Marc-Andre Fleury with a rebound.
Goals for this period are 0 for Capitals vs 0 for Hurricanes.
Shots for this period are 9 for Capitals vs 18 for Hurricanes.